 Dungeon Crawl Stone Soup version 0.19.3-4-gbf9329e (webtiles) character file.

67 Alarkh the Chopper (level 4, 35/35 HPs)
             Began as a Demonspawn Monk on Jan 28, 2017.
             Quit the game on level 2 of the Dungeon.
             The game lasted 00:02:04 (2262 turns).

Alarkh the Chopper (Demonspawn Monk)                Turns: 2262, Time: 00:02:05

Health: 35/35      AC:  3    Str: 11    XL:     4   Next: 0%
Magic:  4/4        EV: 13    Int: 12    God:
Gold:   122        SH:  0    Dex: 16    Spells: 0 memorised, 3 levels left

rFire  + . .     SeeInvis .     a - +0 hand axe
rCold  . . .     Gourm    .     b - +0 robe
rNeg   . . .     Faith    .     (no shield)
rPois  .         Spirit   .     (no helmet)
rElec  .         Reflect  .     p - +0 cloak
rCorr  .         Harm     .     (no gloves)
MR     .....                    (no boots)
Stlth  ++........               (no amulet)
                                (no ring)
                                (no ring)

@: no status effects
A: claws 1, demonic guardian 1, fire resistance 1
a: no special abilities


You were on level 2 of the Dungeon.
You were not hungry.

You visited 1 branch of the dungeon, and saw 2 of its levels.

You collected 122 gold pieces.

Inventory:

Hand Weapons
 a - a +0 hand axe (weapon)
Armour
 b - a +0 robe (worn)
 p - a +0 cloak (worn)
Jewellery
 r - an uncursed ring of teleportation
Scrolls
 e - a scroll of identify
 f - a scroll of immolation
 i - a scroll of recharging
 k - a scroll of amnesia {unknown}
 l - a scroll of teleportation {unknown}
 q - a scroll of noise {unknown}
Potions
 h - a potion of flight
 o - a potion of curing
Comestibles
 c - 2 bread rations
 g - a beef jerky
 j - 4 chunks of flesh
 m - 3 meat rations
 n - 2 fruits


   Skills:
 - Level 3.0 Fighting
 + Level 4.4 Axes
 - Level 2.6 Dodging
 - Level 1.7 Stealth


You had 3 spell levels left.
You didn't know any spells.

Dungeon Overview and Level Annotations

Branches:
Dungeon (2/15)

Altars:


Innate Abilities, Weirdness & Mutations

You have sharp fingernails.
A weak demonic guardian rushes to your aid.
Your flesh is heat resistant. (rF+)


Message History

Adjust (i)tems, (s)pells, or (a)bilities?
Adjust which item? (? for menu, Esc to quit)
h - a scroll of identify Adjust to which letter? (? for menu, Esc to quit)
e - a scroll of identify;
h - a potion of flight
As you read the scroll of remove curse, it crumbles to dust.
You feel as if something is helping you.
You remove your ring of teleportation.
You hit the quokka.
The quokka is heavily wounded.
The quokka misses you.
You hit the quokka.
You kill the quokka!
You have reached level 4!
You feel agile.
Your demonic ancestry asserts itself...
You feel resistant to heat.
A bat comes into view.
A bat is nearby!
A bat is nearby!
Are you sure you want to abandon this character and quit the game? (Confirm with "yes".)

.# #####.# #.# #. #.# .# #b.
###.# .## #.# #.... ..# #.# #.#.#
.###. #.# #.# ...... #.# #.#
...#.. #.# #.# ..## #.# #.# [##
#@# #.. ## ########.### #.###
#####.###..........# #....
...##..............# #####
...######..........# ##.
...................# #.#
...######....).....##### #..
..........####.#.#.....########.#
..#######........#.....##..<.....


You could see a bat (sleeping).

Vanquished Creatures
  2 adders (D:2)
  A dart slug (D:1)
  2 leopard geckos (D:2)
  5 bats
  2 giant cockroaches (D:1)
  9 goblins
  2 hobgoblins (D:1)
  2 jackals (D:2)
  6 kobolds
  2 quokkas (D:2)
  3 ball pythons
  A frilled lizard (D:1)
  8 rats
45 creatures vanquished.

Notes
Turn   | Place    | Note
-------+----------+-------------------------------------------
     0 | D:1      | Alarkh the Demonspawn Monk began the quest for the Orb.
     0 | D:1      | Reached XP level 1. HP: 18/18 MP: 1/1
    34 | D:1      | Reached skill level 3 in Axes
    61 | D:1      | Gained mutation: You have sharp fingernails. [demonic ancestry]
    61 | D:1      | Reached XP level 2. HP: 10/24 MP: 2/2
  1030 | D:1      | You fall through a shaft!
  1271 | D:1      | Gained mutation: A weak demonic guardian rushes to your aid. [demonic ancestry]
  1271 | D:1      | Reached XP level 3. HP: 28/29 MP: 3/3
  1514 | D:2      | Reached skill level 4 in Axes
  2035 | D:2      | Found a faded altar of an unknown god.
  2254 | D:2      | Gained mutation: Your flesh is heat resistant. (rF+) [demonic ancestry]
  2254 | D:2      | Reached XP level 4. HP: 35/35 MP: 4/4
  2262 | D:2      | Quit the game

Skill      XL: |  1  2  3 |
---------------+----------+-----
Axes           | 3 4 |  4.4
Fighting       | |  3.0
Dodging        | |  2.6
Stealth        | |  1.7

Action                   |  1- 3 |  4- 6 || total
-------------------------+-------+-------++-------
Melee: Hand axe          |   153 |       ||   153
  Use: Scroll            |     4 |       ||     4
       Potion            |     3 |       ||     3
 Stab: Sleeping          |     7 |       ||     7
  Eat: Chunk             |     4 |       ||     4
Armor: Robe              |    21 |       ||    21
Dodge: Dodged            |   117 |       ||   117
